 Dungeon Crawl Stone Soup version 0.27.1-34-g3ba077fa99 (webtiles) character file.

Game seed: 11798069296849462379

341 harshax the Digger (level 6, -2/34 HPs)
             Began as a Gargoyle Earth Elementalist on Jan 5, 2022.
             Slain by a hound (3 damage)
             ... summoned by a gnoll
             ... on level 4 of the Dungeon on Jan 6, 2022.
             The game lasted 00:21:13 (3100 turns).

harshax the Digger (Gargoyle Earth Elementalist)    Turns: 3100, Time: 00:21:13

Health: -2/34      AC:  7    Str: 11    XL:     6   Next: 56%
Magic:  10/12      EV: 11    Int: 18    God:
Gold:   65         SH:  0    Dex: 10    Spells: 9/13 levels left

rFire    + . .     SeeInvis .   H - +2 whip (elec)
rCold    x . .     Faith    .   (no shield)
rNeg     + . .     Spirit   .   z - +0 leather armour
rPois    ∞         Reflect  .   (no helmet)
rElec    +         Harm     .   (no cloak)
rCorr    .         Rampage  .   (no gloves)
Will     .....                  (no boots)
Stlth    ++........             (no amulet)
HPRegen  0.11/turn              g - ring of fire
MPRegen  0.13/turn              (no ring)

@: no status effects
A: sickness immunity, AC +4, negative energy resistance 1, electricity
resistance, torment resistance 1, petrification resistance
a: no special abilities


You were on level 4 of the Dungeon.
You visited 1 branch of the dungeon, and saw 4 of its levels.

You collected 145 gold pieces.
You spent 80 gold pieces at shops.

Inventory:

Hand Weapons
 d - a +0 club
 e - a +0 dagger
 h - a +0 dagger
 i - a +0 whip
 j - a +0 club
 t - a +0 hunting sling
 u - a +0 mace
 w - a +0 short sword
 A - a +1 vampiric dagger
 B - a +4 hand axe
 C - a +0 whip
 E - a +1 dagger of draining
 F - a +1 mace of holy wrath
 H - a +2 whip of electrocution (weapon)
 I - a +1 dagger of venom
Missiles
 a - 35 sling bullets
 c - 95 stones
 m - 2 boomerangs
 v - 37 poisoned darts
Armour
 b - a +0 robe
 s - a +0 robe
 x - a +0 chain mail
 z - a +0 leather armour (worn)
 D - a +0 leather armour
Jewellery
 g - a ring of fire (left hand)
Wands
 O - a wand of flame (27)
Scrolls
 f - 3 scrolls of identify
 n - a scroll of noise {unknown}
 o - a scroll of amnesia {unknown}
 p - 2 scrolls of magic mapping
 q - a scroll of enchant weapon {unknown}
 y - a scroll of teleportation {unknown}
 K - a scroll of silence {unknown}
 M - a scroll of enchant armour {unknown}
 P - a scroll of vulnerability {unknown}
Potions
 k - a potion of curing
 l - a potion of haste
 r - a potion of ambrosia {unknown}
 G - a potion of mutation
 J - a potion of attraction {unknown}
 L - a potion of cancellation {unknown}
 N - a potion of brilliance {unknown}
 Q - a potion of flight {unknown}


   Skills:
 + Level 1.0 Fighting
 - Level 0.2(0.5) Axes
 + Level 0.6(0.8) Maces & Flails
 + Level 1.9 Armour
 - Level 1.9 Dodging
 - Level 2.4 Stealth
 + Level 4.1 Spellcasting
 + Level 0.1 Conjurations
 + Level 0.7 Transmutations
 + Level 5.9 Earth Magic


You had 9 spell levels left.
You knew the following spells:

 Your Spells              Type           Power      Damage    Failure   Level
a - Sandblast             Erth           50%        2d12      1%          1
b - Stone Arrow           Conj/Erth      28%        3d8       16%         3

Your spell library contained the following spells:

 Spells                   Type           Power      Damage    Failure   Level
 Passwall                 Tmut/Erth      12%        N/A       8%          2
 Petrify                  Tmut/Erth      15%        N/A       43%         4
 Portal Projectile        Hex/Tloc       6%         N/A       50%         3
 Blade Hands              Tmut           3%         N/A       98%         5
 Excruciating Wounds      Necr           1%         N/A       99%         5


Dungeon Overview and Level Annotations

Branches:
Dungeon (4/15)
 Temple: D:4-7

Altars:
Gozag

Shops:
D:3 !


Innate Abilities, Weirdness & Mutations

You are immune to sickness and miasma.
Your stone body is resilient. (AC +4)
You are immune to poison.
You resist negative energy. (rN+)
You are resistant to electric shocks. (rElec)
You are resistant to unholy torment.
You are immune to petrification.


Message History

You see here a +0 plate armour.
You see here a +0 plate armour.
Found 13 gold pieces.
You now have 65 gold pieces (gained 13).
Found 19 arrows.
A quokka comes into view.
The quokka barely misses you.
You closely miss the quokka. The quokka bites you.
You hit the quokka. Lightning courses through the quokka!
You kill the quokka! 2 gnolls and a gnoll sergeant come into view.
The gnoll sergeant is wielding a +2 spear of venom.
The gnoll sergeant shouts!
The gnoll shouts!
You hear a shout!
A gnoll and a skeleton come into view.
Found a club.
The gnoll shouts! x2
The gnoll sergeant hits you from afar with a +2 spear of venom!
Casting: Stone Arrow (quite dangerous; 16% risk of failure)
Confirm with . or Enter, or press ? or * to list all spells.
Aiming: Sandblast (safe; 1% risk of failure)
Press: ? - help, Shift-Dir - straight line, f - gnoll sergeant
Aim: a gnoll sergeant, wielding a +2 spear of venom and wearing a +0 scale mail (86% to hit)
The blast of sand misses the gnoll sergeant.
The gnoll sergeant hits you from afar with a +2 spear of venom!
Casting: Sandblast (safe; 1% risk of failure)
Confirm with . or Enter, or press ? or * to list all spells.
Aiming: Sandblast (safe; 1% risk of failure)
Press: ? - help, Shift-Dir - straight line, f/p - gnoll sergeant
Aim: a gnoll sergeant, wielding a +2 spear of venom and wearing a +0 scale mail (86% to hit)
The blast of sand hits the gnoll sergeant but does no damage.
The gnoll sergeant hits you from afar with a +2 spear of venom!
The gnoll reads a scroll.
Wisps of shadow swirl around the gnoll.
Unknown command.
As you read the scroll labelled JOSKICVO QEYNIFF, it crumbles to dust.
It is a scroll of identify.
p - 2 scrolls of magic mapping The gnoll sergeant hits you from afar with a +2 spear of venom!
* * * LOW HITPOINT WARNING * * *
The hound bites you.
You die...

#....#
#..........#
#...##
#..........#
#####
#..........#
##........##
##.....###
##...##
##.## #..#
##@# #h# #g#
......ggS#
..Z....gS.#
..).g.####..
.....# #..
..... #..#
.... ##.


You could see a gnoll sergeant, a hound (summoned), 3 gnolls, an adder
(summoned) and a ball python (summoned).

Vanquished Creatures
  A necrophage (D:4)
  2 orc priests (D:3)
  An iguana (D:4)
  An orc wizard (D:3)
  A hound skeleton (D:4)
  3 adders
  A shadow imp (D:3)
  A worm (D:2)
  2 dart slugs
  11 orcs
  8 ball pythons
  7 bats
  8 endoplasms
  2 giant cockroaches (D:3)
  6 goblins
  6 hobgoblins
  10 jackals (D:1)
  2 quokkas
  3 frilled lizards
  3 kobolds
  4 rats
83 creatures vanquished.

Notes
Turn   | Place    | Note
-------+----------+-------------------------------------------
     0 | D:1      | harshax the Gargoyle Earth Elementalist began the quest for
                  | the Orb.
     0 | D:1      | Reached XP level 1. HP: 10/10 MP: 3/3
   111 | D:1      | Reached skill level 4 in Earth Magic
   113 | D:1      | Reached XP level 2. HP: 12/15 MP: 1/5
   540 | D:1      | Reached XP level 3. HP: 19/19 MP: 3/6
   582 | D:1      | Learned a level 3 spell: Stone Arrow
   830 | D:1      | Found a faded altar of an unknown god.
  1124 | D:2      | Reached skill level 5 in Earth Magic
  1124 | D:2      | Reached XP level 4. HP: 24/24 MP: 3/7
  1960 | D:3      | Found an opulent altar of Gozag.
  1980 | D:3      | Reached XP level 5. HP: 27/28 MP: 5/10
  2299 | D:3      | Found Guseligg's Distillery.
  2307 | D:3      | Bought a potion of mutation for 80 gold pieces
  2450 | D:3      | Reached skill level 1 in Armour
  2716 | D:4      | Reached XP level 6. HP: 33/33 MP: 11/11
  2899 | D:4      | Noticed a necrophage
  2916 | D:4      | Killed a necrophage
  2921 | D:4      | Reached skill level 1 in Fighting
  3100 | D:4      | HP: 1/34 [gnoll sergeant (10)]
  3100 | D:4      | Slain by a hound

Illustrated notes

Levels and vault maps discovered:
D:1:      lemuel_arrival_broad_hall, layout_rooms, ebering_ecumenical_altar_hall
D:2:      layout_rooms, serial_corexii_hall, corexii_hall_statues_i,
          corexii_hall_statues_x
D:3:      layout_loops_ring, lemuel_tele_altar, serial_shops, shop,
          grunt_ministairs_10
D:4:      layout_cave_pods

Skill      XL: |  1  2  3  4  5  6 |
---------------+-------------------+-----
Earth Magic    | 4 5 |  5.9
Spellcasting   | 3 4 |  4.1
Armour         | 1 |  1.9
Fighting       | 1 |  1.0
Axes           | |  0.2
Maces & Flails | |  0.6
Dodging        | |  1.9
Stealth        | |  2.4
Conjurations   | |  0.1
Transmutations | |  0.7

Action                   |  1- 3 |  4- 6 || total
-------------------------+-------+-------++-------
Melee: Dagger            |     6 |     7 ||    13
       Whip              |    29 |    36 ||    65
       Hand axe          |       |    34 ||    34
 Cast: Sandblast         |    48 |    47 ||    95
       Stone Arrow       |     1 |     1 ||     2
  Use: Potion            |       |     2 ||     2
       Scroll            |       |     1 ||     1
 Stab: Sleeping          |       |     2 ||     2
Armor: Robe              |    19 |     8 ||    27
       Leather armour    |       |    33 ||    33
Dodge: Dodged            |    39 |    37 ||    76
